 Dungeon Crawl Stone Soup version 0.23-a0-619-g281719c (webtiles) character file.

29 Matador8 the Grave Robber (level 3, 0/24 HPs)
             Began as a Human Necromancer on Dec 22, 2018.
             Shot with a stone by a goblin (4 damage)
             ... on level 2 of the Dungeon.
             The game lasted 00:06:54 (1161 turns).

Matador8 the Grave Robber (Human Necromancer)       Turns: 1161, Time: 00:06:55

Health: 0/24       AC:  4    Str:  8    XL:     3   Next: 32%
Magic:  1/6        EV: 12    Int: 16    God:
Gold:   26         SH:  0    Dex: 13    Spells: 4/6 levels left

rFire    . . .     SeeInvis .   d - +0 short sword
rCold    . . .     Gourm    .   (no shield)
rNeg     . . .     Faith    .   a - +0 robe
rPois    .         Spirit   .   g - +0 helmet
rElec    .         Reflect  .   (no cloak)
rCorr    .         Harm     .   (no gloves)
MR       .....                  i - +0 pair of boots
Stlth    ++........             (no amulet)
HPRegen  0.08/turn              (no ring)
MPRegen  0.10/turn              (no ring)

@: no status effects
A: no striking features
a: no special abilities


You were on level 2 of the Dungeon.
You were not hungry.

You visited 1 branch of the dungeon, and saw 2 of its levels.

You collected 26 gold pieces.

Inventory:

Hand Weapons
 d - a +0 short sword (weapon)
Armour
 a - a +0 robe (worn)
 g - a +0 helmet (worn)
 h - a +0 scale mail
 i - a +0 pair of boots (worn)
Scrolls
 b - 4 scrolls of identify {unknown}
 e - 2 scrolls of remove curse {unknown}
Potions
 f - a potion of degeneration {unknown}
 j - a potion of lignification {unknown}
Comestibles
 c - 3 rations


   Skills:
 - Level 2.0 Dodging
 + Level 2.6 Stealth
 - Level 2.0 Spellcasting
 * Level 4.7 Necromancy


You had 4 spell levels left.
You knew the following spells:

 Your Spells              Type           Power        Failure   Level  Hunger
a - Pain                  Necr           ###.         3%          1    #......
b - Animate Skeleton      Necr           N/A          3%          1    #......

Your spell library contained the following spells:

 Spells                   Type           Power        Failure   Level  Hunger
 Vampiric Draining        Necr           ###.......   9%          3    ###....
 Regeneration             Chrm/Necr      #.........   24%         3    ###....
 Animate Dead             Necr           N/A          30%         4    #####..


Dungeon Overview and Level Annotations

Branches:
Dungeon (2/15)

Altars:


Message History

Confirm with . or Enter, or press ? or * to list all spells.
Aiming: Pain (safe; 3% risk of failure)
Press: ? - help, Shift-Dir - straight line, f - goblin, p - dart slug
Aim: a goblin, wielding a +0 hunting sling (chance to defeat MR: 87%)
The goblin writhes in agony!
The dart slug bites your orc skeleton.
Your orc skeleton hits the dart slug with a +0 hand axe.
The goblin shoots a stone.
The stone misses you.
Casting: Pain (safe; 3% risk of failure)
Confirm with . or Enter, or press ? or * to list all spells.
Aiming: Pain (safe; 3% risk of failure)
Press: ? - help, Shift-Dir - straight line, f/p - goblin
Aim: a goblin, wielding a +0 hunting sling (moderately wounded, chance to The goblin barely resists.
Casting: Pain (safe; 3% risk of failure)
Confirm with . or Enter, or press ? or * to list all spells.
Aiming: Pain (safe; 3% risk of failure)
Press: ? - help, Shift-Dir - straight line, f/p - goblin
Aim: a goblin, wielding a +0 hunting sling (moderately wounded, chance to The goblin barely resists.
The goblin shoots a stone.
The stone hits you.
You die...

.. #.# #.# #.# #
#.####.##..
#...g...... #
#(.(w......
#.#.@Z.......
#####.#(####.....
+.....#.####.....
#..............#
##..............#
............>## #
........[....#
......(......#
...###.......#


You could see a dart slug, a goblin and a friendly orc skeleton.

Vanquished Creatures
  An ooze (D:1)
  A leopard gecko (D:1)
  An orc (D:2)
  A bat (D:1)
  A giant cockroach (D:2)
  A goblin (D:1)
  5 hobgoblins
  2 jackals (D:1)
  3 kobolds (D:1)
  A frilled lizard (D:1)
  4 rats (D:1)
21 creatures vanquished.

Vanquished Creatures (collateral kills)
  A frilled lizard (D:1)
1 creature vanquished.

Grand Total: 22 creatures vanquished

Notes
Turn   | Place    | Note
-------+----------+-------------------------------------------
     0 | D:1      | Matador8 the Human Necromancer began the quest for the Orb.
     0 | D:1      | Reached XP level 1. HP: 13/13 MP: 3/3
    27 | D:1      | Learned a level 1 spell: Animate Skeleton
   102 | D:1      | Reached XP level 2. HP: 7/19 MP: 0/5
   680 | D:1      | Reached XP level 3. HP: 22/24 MP: 3/6
  1161 | D:2      | Shot with a stone by a goblin

Vault maps used:
D:1:      nicolae_arrival_washed_ashore, supply_closet_lemuel,
          minmay_misc_feat_enclosed, minmay_box_of_dots
D:2:      overflow_temple_1_default, chequers_ecumenical_altar_simple,
          kennysheep_another_room

Action                   || total
-------------------------++-------
Melee: Short sword       ||    47
 Cast: Pain              ||    22
       Animate Skeleton  ||     5
 Stab: Sleeping          ||     1
  Eat: Chunk             ||     1
Armor: Robe              ||    11
Dodge: Dodged            ||    36

Table legend:
 A = Non-vault XP
 B = Vault XP
 C = Vault XP percentage of total XP
 D = Non-vault monster count
 E = Vault monster count
 F = Vault count percentage of total count
                 A         B        C        D         E       F
            +---------+---------+-------+---------+---------+-------
      Total |      35 |       7 |  16.7 |      18 |       4 |  18.2
            +---------+---------+-------+---------+---------+-------
        D:1 |      28 |       7 |  20.0 |      15 |       4 |  21.1
        D:2 |       7 |       0 |   0.0 |       3 |       0 |   0.0
            +---------+---------+-------+---------+---------+-------
